 Dungeon Crawl Stone Soup version 0.29-a0-25-g7f48f510a0 (webtiles) character file.

Game seed: 17747954100694895952

655 Gwenloh the Slasher (level 7, -2/55 HPs)
             Began as a Human Fighter on Jan 31, 2022.
             Was a Follower of the Shining One.
             Killed from afar by Maggie (6 damage)
             ... with a bolt of fire
             ... on level 6 of the Dungeon.
             The game lasted 00:14:22 (5789 turns).

Gwenloh the Slasher (Human Fighter)                 Turns: 5789, Time: 00:14:24

Health: -2/55      AC: 12    Str: 17    XL:     7   Next: 85%
Magic:  7/7        EV:  6    Int:  8    God:    the Shining One [*.....]
Gold:   113        SH:  5    Dex: 14    Spells: 6/6 levels left

rFire   + . .      SeeInvis .   a - +0 long sword
rCold   x . .      Faith    +   c - +0 buckler
rNeg    . . .      Spirit   .   s - +0 chain mail
rPois   +          Reflect  .   n - +0 helmet
rElec   .          Harm     .   p - +0 cloak
rCorr   .          Rampage  .   (no gloves)
Will    .....                   (no boots)
Stlth   ..........              q - amulet of faith
HPRegen 0.18/turn               o - ring of Liberty {Fire *Corrode Fly rPois}
MPRegen 0.10/turn               (no ring)

@: flying, glowing
A: no striking features
a: Renounce Religion, Divine Shield


You were on level 6 of the Dungeon.
You worshipped the Shining One.
The Shining One was aware of your devotion.
You visited 2 branches of the dungeon, and saw 7 of its levels.

You collected 155 gold pieces.
You spent 42 gold pieces at shops.

Inventory:

Hand Weapons
 a - a +0 long sword (weapon)
 b - a +0 hunting sling of freezing
 v - a +1 dagger of electrocution
Missiles
 d - 5 boomerangs (quivered)
 e - 88 stones
 t - 44 sling bullets
Armour
 c - a +0 buckler (worn)
 f - a +0 scale mail
 n - a +0 helmet (worn)
 p - a +0 cloak (worn)
 s - a +0 chain mail (worn)
 A - a +0 plate armour
Jewellery
 i - an amulet of guardian spirit
 o - the ring of Liberty (left hand) {Fire *Corrode Fly rPois}
   (You found it on level 2 of the Dungeon)

   [ring of fire]

   It enhances your fire magic.
   rF:        It protects you from fire.
   rC:        It makes you vulnerable to cold.
   rPois:     It protects you from poison.
   Fly:       It grants you flight.
   *Corrode:  It may corrode you when you take damage.
 q - an amulet of faith (around neck)
Wands
 w - a wand of digging (4)
 x - a wand of charming (8)
Scrolls
 g - a scroll of magic mapping
 h - a scroll of vulnerability
 j - 2 scrolls of holy word
 l - a scroll of fear {unknown}
 m - a scroll of fog
 r - a scroll of immolation
Potions
 k - a potion of curing
 u - a potion of berserk rage {unknown}
 z - a potion of haste {unknown}


   Skills:
 + Level 4.6 Fighting
 * Level 5.3 Long Blades
 + Level 4.6 Armour
 + Level 4.5 Shields


You had 6 spell levels left.
You didn't know any spells.
Your spell library contained the following spells:

 Spells                   Type           Power      Damage    Failure   Level
 Call Canine Familiar     Summ           0%         N/A       100%        3
 Portal Projectile        Hex/Tloc       0%         N/A       100%        3
 Leda's Liquefaction      Hex/Erth       0%         N/A       100%        4


Dungeon Overview and Level Annotations

Branches:
Dungeon (6/15)             Temple (1/1) D:4

Altars:
Ashenzari
Cheibriados
Fedhas
Nemelex Xobeh
Okawaru
Qazlal
Sif Muna
Uskayaw
Vehumet
Wu Jian
Zin
The Shining One

Shops:
D:1 :!

Annotations:
D:6 Maggie


Message History

Maggie is lightly wounded.
Maggie hits you with a +1 war axe of pain.
You slash Maggie!
Maggie is moderately wounded.
Maggie gestures at you while chanting. The bolt of fire misses you.
You barely miss Maggie.
Maggie is moderately wounded.
Maggie hits you but does no damage.
You hit Maggie but do no damage.
Maggie is moderately wounded.
Maggie hits you but does no damage.
You hit Maggie.
Maggie is heavily wounded.
Maggie hits you but does no damage.
You writhe in agony.
Maggie hits you but does no damage.
You hit Maggie but do no damage.
Maggie is heavily wounded.
You break out of your daze.
Maggie hits you with a +1 war axe of pain!
You hit Maggie.
Maggie is heavily wounded.
Maggie hits you but does no damage.
You writhe in agony.
You hit Maggie.
Maggie is heavily wounded.
Maggie hits you with a +1 war axe of pain!
* * * LOW HITPOINT WARNING * * *
You writhe in agony.
* * * LOW HITPOINT WARNING * * *
You hit Maggie.
Maggie is heavily wounded.
Maggie hits you with a +1 war axe of pain.
* * * LOW HITPOINT WARNING * * *
You hit Maggie.
Maggie is severely wounded.
Maggie hits you but does no damage.
You writhe in agony.
* * * LOW HITPOINT WARNING * * *
Maggie gestures at you while chanting. The bolt of fire hits you. You resist.
You die...

.# .## ..
######.###...
+..........#
#####.#######
+...5S.......
#####@########
#@#......#
#.###.##.#
#.....##.#
########.# #.#
#########.#
#.........#
#.#########
#.#


You could see Maggie, a water moccasin and a shadow imp.

Vanquished Creatures
  2 ogres (D:5)
  A centaur (D:5)
  A bullfrog zombie (D:5)
  A hound (D:5)
  An orc priest (D:3)
  A centaur skeleton (D:4)
  2 iguanas
  An orc wizard (D:4)
  Robin (D:2)
  5 gnolls
  3 adders
  3 ufetubi
  2 dart slugs
  16 orcs
  4 bats
  9 endoplasms
  3 giant cockroaches
  16 goblins
  8 hobgoblins
  3 kobolds
  A quokka (D:1)
  4 ball pythons
  2 frilled lizards (D:1)
  A quokka skeleton (D:4)
  7 rats
98 creatures vanquished.

Notes
Turn   | Place    | Note
-------+----------+-------------------------------------------
     0 | D:1      | Gwenloh the Human Fighter began the quest for the Orb.
     0 | D:1      | Reached XP level 1. HP: 18/18 MP: 1/1
    87 | D:1      | Found Uqocruj's Distillery.
   117 | D:1      | Reached XP level 2. HP: 24/24 MP: 2/2
   355 | D:1      | Reached XP level 3. HP: 5/29 MP: 3/3
   952 | D:1      | Found Gaidehur's Book Shoppe.
  1093 | D:1      | Bought a potion of curing for 42 gold pieces
  1171 | D:2      | Reached XP level 4. HP: 35/35 MP: 4/4
  1365 | D:2      | Reached skill level 3 in Long Blades
  1409 | D:2      | Noticed Robin
  1586 | D:2      | Killed Robin
  1670 | D:2      | Identified the ring of Liberty {Fire *Corrode Fly rPois}
  1950 | D:3      | Identified the -1 cloak of Dishonour {rN+ Str+2 Stlth-}
  2071 | D:3      | Noticed an ogre
  2188 | D:2      | Reached XP level 5. HP: 40/41 MP: 5/5
  2717 | D:4      | Found a staircase to the Ecumenical Temple.
  2730 | Temple   | Entered the Ecumenical Temple
  2883 | Temple   | Became a worshipper of the Shining One
  3432 | D:4      | Reached skill level 4 in Long Blades
  3432 | D:4      | Reached XP level 6. HP: 19/48 MP: 1/6
  4046 | D:5      | Entered Level 5 of the Dungeon
  4439 | D:5      | Noticed an ogre
  4447 | D:5      | Killed an ogre
  4448 | D:5      | Reached XP level 7. HP: 54/54 MP: 7/7
  4616 | D:5      | Reached skill level 5 in Long Blades
  5149 | D:5      | HP: 1/55 [gnoll (6)]
  5770 | D:6      | Reached * piety under the Shining One
  5771 | D:6      | Noticed Maggie
  5771 | D:6      | Noticed a water moccasin
  5789 | D:6      | Killed from afar by Maggie

Illustrated notes

Levels and vault maps discovered:
D:1:      dpeg_arrival_windows_large_door, layout_rooms, serial_shops,
          nicolae_shop_temple_entry_statues_fountains, nicolae_shop_statue_plus,
          hangedman_feature_mirror
D:2:      layout_basic, uniq_robin
D:3:      layout_loops_ring
D:4:      layout_loops_cross, minmay_temple_entry_stoned_glass
D:5:      layout_gridville
D:6:      layout_basic, serial_shops, shop, nicolae_shop_overcharged_wands,
          uniq_maggie
Temple:   hc_temple_tempest_star

Skill      XL: |  1  2  3  4  5  6  7 |
---------------+----------------------+-----
Long Blades    | 3 4 5 |  5.3
Fighting       | 4 |  4.6
Armour         | 4 |  4.6
Shields        | 4 |  4.5

Action                   |  1- 3 |  4- 6 |  7- 9 || total
-------------------------+-------+-------+-------++-------
Melee: Long sword        |    52 |    87 |    71 ||   210
 Fire: Hunting sling     |    30 |   108 |    15 ||   153
Throw: Stone             |    47 |     3 |       ||    50
       Boomerang         |       |       |     2 ||     2
  Use: Scroll            |       |     3 |     3 ||     6
       Potion            |       |     1 |     1 ||     2
Armor: Scale mail        |    25 |    51 |    32 ||   108
       Chain mail        |       |       |     7 ||     7
Dodge: Dodged            |    18 |    59 |    41 ||   118
Block: Buckler           |     8 |    27 |    15 ||    50

Table legend: (Time is in decaauts)
 A = Elapsed time spent in this place.
 B = Non-inter-level travel time spent in this place.
 C = Inter-level travel time spent in this place.
 D = Time resting spent in this place.
 E = Time spent auto-exploring this place.
 F = Levels seen in this place.
 G = Mean time per level.
                   A        B        C        D        E       F      G
               +--------+--------+--------+--------+--------+-----+--------+
         Total |   5859 |   5620 |    239 |     93 |   4386 |   7 |  837.0 |
       Dungeon |   5558 |   5349 |    209 |     93 |   4136 |   6 |  926.3 |
        Temple |    300 |    270 |     30 |      0 |    250 |   1 |  300.0 |
               +--------+--------+--------+--------+--------+-----+--------+

Top non-repeatable levels by time:
     D:5: 1541 daAuts
     D:4: 1164 daAuts
     D:1: 1150 daAuts
     D:3: 825 daAuts
     D:2: 773 daAuts
  Temple: 300 daAuts
     D:6: 103 daAuts
